 Dungeon Crawl Stone Soup version 0.28.0 (webtiles) character file.

Game seed: 6755279012512906878

30713 RighteousDevil the Caregiver (level 13, -4/108 HPs)
             Began as a Deep Dwarf Monk on Feb 5, 2022.
             Was a Believer of Elyvilon.
             Slain by an orc knight (12 damage)
             ... on level 1 of the Orcish Mines.
             The game lasted 00:44:41 (11764 turns).

RighteousDevil the Caregiver (Deep Dwarf Monk)     Turns: 11764, Time: 00:44:41

Health: -4/108     AC: 13    Str: 20    XL:     13   Next: 22%
Magic:  0/2        EV:  6    Int: 11    God:    Elyvilon [**....]
Gold:   819        SH:  4    Dex: 15    Spells: 18/18 levels left

rFire   + . .      SeeInvis .   a - +5 war axe
rCold   + . .      Faith    .   x - +0 buckler
rNeg    . . .      Spirit   .   s - +0 plate armour
rPois   +          Reflect  .   c - +1 helmet
rElec   .          Harm     .   j - scarf {rC+ rF+}
rCorr   .          Rampage  .   (no gloves)
Will    +....                   (no boots)
Stlth   ..........              (no amulet)
HPRegen 0.00/turn               p - ring of poison resistance
MPRegen 0.08/turn               r - ring of wizardry

@: studying Air Magic, unable to read
A: damage resistance, heal wounds, sense surroundings 2, no regeneration, high
MP 1, poison resistance, inability to read while threatened
a: Heal Wounds, Renounce Religion, Purification, Heal Other


You were on level 1 of the Orcish Mines.
You worshipped Elyvilon.
Elyvilon was pleased with you.
You visited 4 branches of the dungeon, and saw 15 of its levels.
You also visited: Ossuary.

You collected 819 gold pieces.

Inventory:

Hand Weapons
 a - a +5 war axe (weapon)
 b - a +3 morningstar of freezing
Armour
 c - a +1 helmet (worn)
 f - a +1 chain mail
 j - a scarf of resistance (worn)
 s - a +0 plate armour (worn)
 x - a +0 buckler (worn)
Jewellery
 p - a ring of poison resistance (left hand)
 r - a ring of wizardry (right hand)
Wands
 i - a wand of iceblast (8)
 q - a wand of paralysis (4)
 t - a wand of digging (3)
 y - a wand of flame (5)
Scrolls
 d - 7 scrolls of teleportation
 g - 2 scrolls of blinking
 n - a scroll of fear
 u - 2 scrolls of amnesia
 v - 2 scrolls of identify
Potions
 e - 2 potions of lignification
 h - 2 potions of curing
 k - 4 potions of brilliance
 l - a potion of resistance
 m - 3 potions of flight
 w - a potion of heal wounds


   Skills:
 + Level 4.9 Fighting
 - Level 16.0 Axes
 - Level 4.0 Armour
 - Level 3.3 Dodging
 - Level 2.5 Stealth
 + Level 2.2 Shields
 - Level 3.0 Spellcasting
 - Level 20.0 Invocations


You had 18 spell levels left.
You didn't know any spells.
Your spell library contained the following spells:

 Spells                   Type           Power      Damage    Failure   Level
 Animate Skeleton         Necr           2%         N/A       98%         1
 Apportation              Tloc           2%         N/A       98%         1
 Pain                     Necr           4%         1d4       98%         1
 Summon Small Mammal      Summ           4%         N/A       98%         1
 Sublimation of Blood     Necr           1%         N/A       99%         2
 Dazzling Flash           Conj/Hex       2%         N/A       100%        3
 Inner Flame              Hex/Fire       1%         N/A       100%        3
 Vampiric Draining        Necr           1%         2d6       100%        3
 Cause Fear               Hex            0%         N/A       100%        4
 Iskenderun's Mystic Bla  Conj/Tloc      1%         2d3       100%        4
 Petrify                  Tmut/Erth      1%         N/A       100%        4
 Irradiate                Conj/Tmut      0%         3d14      100%        5
 Starburst                Conj/Fire      0%         6d3       100%        6
 Discord                  Hex            0%         N/A       100%        8


Dungeon Overview and Level Annotations

Branches:
Dungeon (10/15)            Temple (1/1) D:4            Lair (3/6) D:8
 Shoals (0/4) Lair:3        Snake (0/4) Lair:3          Orc (1/2) D:9
Ossuary (visited)

Altars:
Dithmenos
Elyvilon
Nemelex Xobeh
Sif Muna

Annotations:
D:5 2 transporters
D:7 2 transporters, packet's ghost, novice DsFi
Lair:3 exclusion: 4 oklob plants


Innate Abilities, Weirdness & Mutations

You are resistant to damage.
You can heal yourself by infusing magical energy.
You passively map the area around you.
You do not regenerate.
You have an increased reservoir of magic. (+10% MP)
Your system is resistant to poisons. (rPois)
You sometimes lose the ability to read scrolls when taking damage.


Message History

You hit the orc knight.
You can read scrolls again.
The orc knight hits you with a +0 great mace!!
You barely miss the orc warrior.
The orc warrior is heavily wounded.
You hit the orc knight but do no damage.
The orc warrior hits you with a +0 scimitar!
The orc hits you but does no damage. The orc knight barely misses you.
You slash the orc warrior!
The orc warrior is almost dead.
You barely miss the orc knight.
The orc warrior hits you but does no damage.
The orc hits you but does no damage.
You feel much better.
The orc knight hits you with a +0 great mace.
The orc warrior hits you but does no damage.
The orc hits you from afar with a +0 trident of protection.
You barely miss the orc warrior.
The orc warrior is almost dead.
You hit the orc knight but do no damage.
The orc knight hits you with a +0 great mace!
You hit the orc warrior.
You kill the orc warrior!
You hit the orc knight but do no damage.
You block the orc's attack.
The orc knight hits you with a +0 great mace!!
You feel threatened and lose the ability to read scrolls!
* * * LOW HITPOINT WARNING * * *
Press: ? - help, Dir - move target, f - orc knight Heal: an orc knight, wielding a +0 great mace and wearing a +6 plate armour of ponderousness (lightly wounded, chance to pacify: 65%)
The orc knight turns neutral.
You heal the orc knight.
The orc knight is completely healed.
The orc closely misses you.
The orc knight hits you with a +0 great mace!!
* * * LOW HITPOINT WARNING * * *
Your life force feels restored.
Your Shields skill increases to level 2!
You are no longer poisoned.
The orc hits you but does no damage.
The orc knight hits you with a +0 great mace!
You die...

,, , ,, , *
#............ , *
* , ,*
##..........# , ,
, #........#... *
, ∩ ,, *
##...o.....#.# ,,
, *
##......#...#.# *
,* ,** ,
**##.#.o..###.....
* * ,
##.......###....#
, ,
##)#..#..###......
, , *
#@)o......###.#...
* * * ##o...#..##
###..# * ###.#...#
##...# ####.##
#...## ### ##.##
###


You could see an orc (strong) and a neutral orc knight (wandering).

Vanquished Creatures
  5 black mambas (Lair:3)
  An elephant (Lair:3)
  A cane toad (Lair:3)
  A gargoyle (D:7)
  2 rime drakes
  2 komodo dragons (Lair:3)
  A queen bee (Lair:3)
  A troll (Orc:1)
  A polar bear (Lair:3)
  17 blink frogs
  4 wyverns
  21 yaks
  5 basilisks
  Edmund (D:4)
  13 water moccasins
  An ice beast (D:4)
  3 orc warriors
  A sky beast (D:7)
  11 wolves
  An ogre (D:5)
  A centaur (D:7)
  A phantom (D:5)
  A kobold brigand (D:9)
  An elf zombie (Ossuary)
  A gnoll sergeant (D:9)
  6 bullfrogs
  2 scorpions
  A water moccasin zombie (D:5)
  35 killer bees
  11 wights
  An electric eel (Lair:3)
  A howler monkey (D:6)
  A bullfrog zombie (D:5)
  3 hounds
  5 human zombies (Ossuary)
  3 jellies
  A centaur zombie (Ossuary)
  4 orc priests
  A centaur skeleton (D:5)
  A gnoll shaman (D:7)
  A hell rat (Lair:3)
  2 iguanas (D:5)
  3 orc wizards
  2 killer bee zombies
  2 hound zombies (Ossuary)
  3 mummies (Ossuary)
  Robin (D:3)
  12 gnolls
  2 river rats (Lair:3)
  11 adders
  2 white imps (D:6)
  3 adder zombies (Ossuary)
  A worm (D:4)
  A dart slug (D:4)
  34 orcs
  8 ball pythons
  3 bats
  4 endoplasms
  16 goblins
  7 hobgoblins
  7 jackals
  A quokka (D:5)
  A frilled lizard (D:3)
  A gnoll zombie (Ossuary)
  4 goblin zombies (Ossuary)
  2 hobgoblin zombies (Ossuary)
  3 jackal zombies (Ossuary)
  15 kobolds
  4 kobold zombies (Ossuary)
  3 orc zombies (Ossuary)
  A quokka skeleton (D:4)
  4 quokka zombies (Ossuary)
  5 rats
  4 rat zombies (Ossuary)
347 creatures vanquished.

Vanquished Creatures (others)
  2 black mambas
  A rime drake (Lair:3)
  2 blink frogs (Lair:2)
  8 yaks
  A water moccasin (Lair:1)
  2 bullfrogs
  4 killer bees
  An orc wizard (D:7)
  6 orcs
  A kobold (D:8)
  18 fungi
  35 plants
81 creatures vanquished.

Grand Total: 428 creatures vanquished

Notes
Turn   | Place    | Note
-------+----------+-------------------------------------------
     0 | D:1      | RighteousDevil the Deep Dwarf Monk began the quest for the
                  | Orb.
     0 | D:1      | Reached XP level 1. HP: 20/20 MP: 1/1
    69 | D:1      | Found a faded altar of an unknown god.
    78 | D:1      | Reached XP level 2. HP: 18/27 MP: 2/2
   209 | D:1      | Prayed at the altar of an unknown god.
   209 | D:1      | Became a worshipper of Elyvilon the Healer
   209 | D:1      | Reached * piety under Elyvilon
   209 | D:1      | Reached ** piety under Elyvilon
   439 | D:1      | Reached *** piety under Elyvilon
   574 | D:2      | Reached skill level 1 in Invocations
   767 | D:2      | Reached XP level 3. HP: 27/33 MP: 1/3
   917 | D:2      | Reached skill level 2 in Invocations
  1336 | D:3      | You fall into a shaft and drop 2 floors!
  1336 | D:5      | Entered Level 5 of the Dungeon
  1434 | D:3      | Reached skill level 3 in Invocations
  1434 | D:3      | Reached XP level 4. HP: 31/40 MP: 3/5
  1465 | D:3      | Gained mutation: Your flesh is heat resistant. (rF+)
                  | [potion of mutation]
  1507 | D:3      | Reached skill level 5 in Axes
  1522 | D:3      | Reached skill level 4 in Invocations
  1522 | D:3      | Reached XP level 5. HP: 18/46 MP: 4/6
  1538 | D:3      | Noticed Jessica
  1542 | D:3      | Pacified Jessica
  1725 | D:3      | Reached skill level 5 in Invocations
  1725 | D:3      | Reached XP level 6. HP: 27/55 MP: 7/7
  2015 | D:4      | Noticed Robin
  2057 | D:3      | Killed Robin
  2129 | D:4      | Found a staircase to the Ecumenical Temple.
  2139 | Temple   | Entered the Ecumenical Temple
  2328 | D:4      | Noticed Edmund
  2353 | D:4      | Killed Edmund
  2354 | D:4      | Reached skill level 6 in Invocations
  2354 | D:4      | Reached XP level 7. HP: 28/52 MP: 9/9
  2666 | D:4      | Reached skill level 7 in Invocations
  2855 | D:4      | Identified a scroll of acquirement
  2855 | D:4      | Acquired a manual of Air Magic
  2968 | D:5      | Found a transporter.
  2992 | D:5      | Found a transporter.
  3063 | D:5      | Reached skill level 8 in Invocations
  3112 | D:5      | Reached XP level 8. HP: 46/68 MP: 12/12
  3199 | D:5      | Found a sparkling altar of Nemelex Xobeh.
  3225 | D:5      | Found a shimmering blue altar of Sif Muna.
  3371 | D:6      | Reached skill level 9 in Invocations
  4309 | D:7      | Found a shadowy altar of Dithmenos.
  4316 | D:7      | Reached skill level 10 in Invocations
  4393 | D:7      | Found a transporter.
  4394 | D:7      | Noticed packet's ghost (novice DsFi)
  4406 | D:7      | Found a transporter.
  4561 | D:7      | Noticed a gargoyle
  4582 | D:7      | Killed a gargoyle
  4583 | D:7      | Reached skill level 10 in Axes
  4583 | D:7      | Gained mutation: You passively map the area around you.
                  | [Deep Dwarf growth]
  4583 | D:7      | Reached XP level 9. HP: 29/74 MP: 12/14
  4693 | D:7      | Reached skill level 11 in Invocations
  5277 | D:8      | Found a sand-covered staircase.
  5283 | Ossuary  | Entered an ossuary
  5475 | Ossuary  | Reached skill level 12 in Invocations
  5740 | D:8      | Found a staircase to the Lair.
  5895 | D:8      | Reached skill level 13 in Invocations
  5895 | D:8      | Reached XP level 10. HP: 38/81 MP: 10/14
  5965 | Lair:1   | Entered Level 1 of the Lair of Beasts
  6099 | Lair:1   | Noticed a black mamba
  6099 | Lair:1   | Noticed a cane toad
  6104 | Lair:1   | Pacified a black mamba
  6106 | Lair:1   | Pacified a cane toad
  6151 | Lair:1   | Noticed a black mamba
  6154 | Lair:1   | Pacified a black mamba
  6158 | Lair:1   | HP: 3/81 [yak (10)]
  6161 | Lair:1   | Killed a black mamba
  6169 | Lair:1   | Reached skill level 14 in Invocations
  6174 | Lair:1   | Noticed a cane toad
  6175 | Lair:1   | Pacified a cane toad
  6336 | Lair:1   | Noticed a cane toad
  6338 | Lair:1   | Pacified a cane toad
  6341 | Lair:1   | Noticed a five-headed hydra
  6344 | Lair:1   | Pacified a five-headed hydra
  6403 | Lair:1   | Reached skill level 15 in Invocations
  6465 | Lair:1   | Reached XP level 11. HP: 38/88 MP: 15/15
  6709 | Lair:1   | Reached skill level 16 in Invocations
  7242 | Lair:2   | Noticed an eight-headed hydra
  7243 | Lair:2   | Pacified an eight-headed hydra
  7263 | Lair:1   | Elyvilon protects you from harm!
  7289 | Lair:1   | Lost mutation: Your flesh is heat resistant. (rF+) [potion
                  | of mutation]
  7289 | Lair:1   | Gained mutation: You sometimes lose the ability to read
                  | scrolls when taking damage. [potion of mutation]
  7292 | Lair:1   | Lost mutation: You sometimes lose the ability to read
                  | scrolls when taking damage. [potion of mutation]
  7292 | Lair:1   | Gained mutation: You sometimes lose the ability to read
                  | scrolls when taking damage. [potion of mutation]
  7292 | Lair:1   | Gained mutation: You are partially covered in iridescent
                  | scales. (AC +2) [potion of mutation]
  7292 | Lair:1   | Gained mutation: You have sharp fingernails. [potion of
                  | mutation]
  7649 | Lair:2   | Reached skill level 15 in Axes
  7649 | Lair:2   | Reached skill level 17 in Invocations
  7691 | Lair:2   | Noticed a six-headed hydra
  7785 | Lair:2   | Noticed Nergalle
  7796 | Lair:2   | Noticed a spectral orc warlord
  7861 | Lair:2   | Pacified Nergalle
  7940 | Lair:2   | Reached XP level 12. HP: 63/95 MP: 6/9
  7945 | Lair:2   | Pacified a seven-headed hydra
  8108 | Lair:2   | Lost mutation: You are partially covered in iridescent
                  | scales. (AC +2) [potion of mutation]
  8108 | Lair:2   | Lost mutation: You have sharp fingernails. [potion of
                  | mutation]
  8108 | Lair:2   | Gained mutation: Your system is resistant to poisons.
                  | (rPois) [potion of mutation]
  8108 | Lair:2   | Gained mutation: You have an increased reservoir of magic.
                  | (+10% MP) [potion of mutation]
  8363 | Lair:2   | Reached skill level 18 in Invocations
  8984 | Lair:3   | Reached skill level 19 in Invocations
  9237 | Lair:3   | Reached skill level 20 in Invocations
  9265 | Lair:3   | Reached skill level 1 in Armour
  9268 | Lair:3   | Reached skill level 1 in Spellcasting
  9481 | Lair:3   | Reached XP level 13. HP: 59/105 MP: 5/5
  9802 | Lair:3   | Found a staircase to the Snake Pit.
 10068 | Lair:3   | Found a staircase to the Shoals.
 10651 | D:9      | Found a staircase to the Orcish Mines.
 11161 | D:9      | Identified the +7 rapier "Rukop" {vorpal, Int+5}
 11455 | D:10     | Entered Level 10 of the Dungeon
 11530 | Orc:1    | Entered Level 1 of the Orcish Mines
 11560 | Orc:1    | Reached skill level 1 in Shields
 11764 | Orc:1    | Slain by an orc knight

Illustrated notes

Levels and vault maps discovered:
D:1:      roderic_chinese_lattice_arrival, layout_rooms,
          ebering_ecumenical_altar_mist, minmay_misc_feat_tiny
D:2:      layout_basic
D:3:      layout_rooms, minmay_misc_feat_five, uniq_jessica
D:4:      layout_loops_cross, minmay_temple_entry_gardened_gates, uniq_edmund,
          uniq_robin
D:5:      gammafunk_wand_slinger, layout_rooms,
          mainiacjoe_overflow_catch_the_wave
D:6:      layout_loops_ring
D:7:      layout_basic, nicolae_dithmenos_through_a_glass_darkly,
          gammafunk_ghost_stat_death, minmay_fountain_box
D:8:      layout_cave_pools, dpeg_oklobed_lair,
          lightli_ossuary_entry_decrepit_ruins, hangedman_decor_peaks_small
D:9:      layout_loops_corners, orc_0_dummy
D:10:     layout_roguey, mainiacjoe_overflow_alcove_4, minivault_16
Temple:   dpeg_five_rooms_temple
Lair:1:   layout_cave_shapes, beast_lair_carwin_7
Lair:2:   layout_misc_corridors, st_stairs_11, serial_bayou_pond_d,
          minivault_23, uniq_nergalle
Lair:3:   hangedman_what_comes_after_a, layout_regular_city,
          elwin_shoals_entry_rooms, minmay_snake_entry_six_corridors,
          kennysheep_basilisk_garden, serial_bayou_shore_b
Orc:1:    layout_caves, nicolae_shop_gadgets, uniq_urug

Skill      XL: |  1  2  3  4  5  6  7  8  9 10 11 12 13 |
---------------+----------------------------------------+-----
Axes           | 4 5 6 8 10 11 13 15 16 | 16.0
Invocations    | 1 3 4 5 6 8 10 13 15 17 20 | 20.0
Fighting       | 3 4 |  4.9
Armour         | 3 4 |  4.0
Spellcasting   | 2 3 |  3.0
Shields        | 2 |  2.2
Dodging        | |  3.3
Stealth        | |  2.5

Action                   |  1- 3 |  4- 6 |  7- 9 | 10-12 | 13-15 || total
-------------------------+-------+-------+-------+-------+-------++-------
Melee: Hand axe          |   140 |    70 |       |       |       ||   210
       Punch             |     1 |     4 |     8 |     6 |     2 ||    21
       War axe           |       |   108 |   445 |   563 |   199 ||  1315
Invok: Heal Self         |     1 |     5 |    15 |     1 |       ||    22
       Heal Other        |     1 |     2 |    15 |    37 |     6 ||    61
       Purification      |       |       |     1 |     1 |       ||     2
 Abil: Heal Wounds       |     1 |     2 |     7 |    78 |     9 ||    97
Evoke: Wand              |       |       |     1 |     3 |       ||     4
  Use: Potion            |       |     3 |       |    11 |     5 ||    19
       Scroll            |       |     3 |    13 |     6 |       ||    22
 Stab: Paralysed         |       |       |     1 |       |       ||     1
       Invisible         |       |       |       |       |     2 ||     2
Armor: Robe              |     3 |       |       |       |       ||     3
       Chain mail        |    87 |    99 |   293 |       |       ||   479
       Plate armour      |       |       |       |   384 |    92 ||   476
Dodge: Dodged            |    53 |    63 |   232 |   222 |    82 ||   652
Block: Buckler           |       |       |       |       |     6 ||     6
